 Dungeon Sprint DCSS version 0.31-a0-949-g57150269e1 (webtiles) character file.

Game seed: 15158185441379325380

3628 rocky1 the Brawler (level 10, 0/58 HPs)
             Began as a Tengu Shapeshifter on Oct 23, 2023.
             Was an Initiate of Gozag.
             Slain by a merfolk aquamancer
             ... wielding a +0 rapier of speed
              (10 damage)
             ... in the Dungeon (Sprint VII: "The Pits").
             The game lasted 00:05:54 (2658 turns).

rocky1 the Brawler (Tengu Shapeshifter)             Turns: 2658, Time: 00:05:55

Health: 0/58       AC: 20    Str: 16    XL:     10   Next: 11%
Magic:  11/11      EV: 14    Int: 12    God:    Gozag
Gold:   1198       SH:  0    Dex: 15    Spells: 9/9 levels left

rFire   . .          .
                       - Unarmed
rCold   . . .        (no shield)
rNeg    . . .        o - +3 chain mail
rPois   .            (helmet currently unavailable)
rElec   .            (cloak currently unavailable)
rCorr   .            (gloves currently unavailable)
SInv    .            (boots unavailable)
Will    .....        (no amulet) Stlth
                     p - +3 ring of protection
HPRegen 0.29/turn    q - +3 ring of protection
MPRegen 0.12/turn

%: no teleportation, acrobat
@: beast-form, gold aura, flying
A: beast (slay +4), flying, beak, talons 3, evasive flight, acrobatic
a: Begin Untransformation, Renounce Religion, Potion Petition, Call Merchant,
Bribe Branch


You were in the Dungeon.
You worshipped Gozag.
Gozag was most pleased with you.
You were a hulking beast.
You visited 1 branch You collected 2241 gold pieces.
You spent 274 gold pieces at shops.
You paid 769 gold pieces to Gozag.

Inventory:

Armour
 a - a +0 animal skin
 o - a +3 chain mail (worn)
 s - a +0 pair of boots
 t - a +0 pair of gloves
Jewellery
 p - a +3 ring of protection (left hand)
 q - a +3 ring of protection (right hand)
Talismans
 c - a beast talisman (active)
 d - a flux talisman
Wands
 v - a wand of flame (7)
 w - a wand of mindburst (7)
Scrolls
 j - a scroll of blinking
 l - 2 scrolls of vulnerability
 m - 5 scrolls of amnesia
 n - a scroll of summoning
Potions
 b - a potion of lignification
 e - 6 potions of curing
 f - 7 potions of heal wounds
 g - 3 potions of haste
 h - 4 potions of magic
 i - a potion of berserk rage
 k - 2 potions of invisibility
 r - 3 potions of mutation
 u - 2 potions of cancellation {unknown}


   Skills:
 + Level 4.6 Fighting
 + Level 8.8 Armour
 + Level 7.4 Dodging
 - Level 4.0 Stealth
 + Level 18.3 Unarmed Combat
 + Level 9.3 Shapeshifting


You had 9 spell levels left.
You didn't know any spells.
Your spell library was empty.

Dungeon Overview and Level Annotations

Branches:
Dungeon (1/1)

Altars:
Ashenzari
Cheibriados
Dithmenos
Elyvilon
Fedhas
Gozag
Hepliaklqana
Kikubaaqudgha
Makhleb
Nemelex Xobeh
Okawaru
Qazlal
Ru
Sif Muna
Trog
Uskayaw
Vehumet
Wu Jian
Xom
Yredelemnul
Zin
The Shining One
Jiyva
Lugonu

Shops:
D *


Innate Abilities, Weirdness & Mutations

You are a hulking beast.
Your limbs bulge with bestial killing power. (Slay +4)
You are flying.
You have a beak for a mouth.
You have claws for feet.
Your magical flight helps you evade attacks. (EV +4)
You can magically evade attacks while moving or waiting.


Message History

The merfolk aquamancer closely misses you.
The merfolk aquamancer is distracted by your dazzling golden aura.
You see here 54 gold pieces.
The merfolk aquamancer shouts!
You hit the merfolk aquamancer.
The merfolk aquamancer is no longer distracted by gold.
You peck the merfolk aquamancer.
The merfolk aquamancer is lightly wounded.
The merfolk aquamancer gestures at you while chanting.
The torrent of water hits you!!!
Ouch! That really hurt!
* * * LOW HITPOINT WARNING * * *
The wave splashes down.
Unknown command.
You feel much better.
The merfolk aquamancer hits you but does no damage.
Unknown command.
You pummel the merfolk aquamancer!! You claw the merfolk aquamancer.
Your peck misses the merfolk aquamancer.
The merfolk aquamancer is heavily wounded.
The water elemental misses you.
The merfolk aquamancer hits you with a +0 rapier of speed.
The water elemental is distracted by your dazzling golden aura.
You completely miss the merfolk aquamancer.
Your kick misses the merfolk aquamancer.
Your peck misses the merfolk aquamancer.
The merfolk aquamancer is heavily wounded.
The merfolk aquamancer casts a spell at you.
The shard of ice hits you!!
* * * LOW HITPOINT WARNING * * *
The water elemental barely misses you.
You pummel the merfolk aquamancer!! You claw the merfolk aquamancer.
The merfolk aquamancer is almost dead.
Unknown command.
You closely miss the merfolk aquamancer.
You claw the merfolk aquamancer.
The merfolk aquamancer is almost dead.
The merfolk aquamancer hits you with a +0 rapier of speed!
You die...
Your body crumbles into a pile of gold.

#++##########
#...~$E......
#...$hm.E....
#..##########
#..# #..# ###
#..# ..# #..#
..# #..# ..#
#..#
..##########..#


You could see a merfolk aquamancer and 2 water elementals.

Vanquished Creatures
  A ghost moth (D)
  A deep elf pyromancer (D)
  A black mamba (D)
  An ice devil (D)
  A glass eye (D)
  A flying skull (D)
  2 water elementals (D)
  A shadow (D)
  3 yaks (D)
  A water moccasin (D)
  A black bear (D)
  An ogre (D)
  A gnoll sergeant (D)
  A jelly (D)
  An iron imp (D)
  An orc wizard (D)
  5 gnolls (D)
  A river rat (D)
  2 ufetubi (D)
  An adder skeleton (D)
  A worm (D)
  An orc (D)
  A bat skeleton (D)
  An endoplasm (D)
  A giant cockroach (D)
  2 jackals (D)
  A quokka (D)
  A giant cockroach zombie (D)
  A kobold (D)
38 creatures vanquished.

Notes
Turn   | Place    | Note
-------+----------+-------------------------------------------
     0 | D        | rocky1 the Tengu Shapeshifter began the quest for the Orb.
     0 | D        | Reached XP level 1. HP: 12/12 MP: 2/2
    18 | D        | Reached skill level 4 in Unarmed Combat
    22 | D        | Found a bloodstained altar of Trog.
    22 | D        | Found a shimmering blue altar of Sif Muna.
    22 | D        | Found a viscous altar of Jiyva.
    22 | D        | Found a hazy altar of Hepliaklqana.
    22 | D        | Found an opulent altar of Gozag.
    45 | D        | Found a glowing golden altar of the Shining One.
    45 | D        | Found a glowing silver altar of Zin.
    45 | D        | Found a basalt altar of Yredelemnul.
    45 | D        | Found a shimmering altar of Xom.
    45 | D        | Found an ornate altar of the Wu Jian Council.
    45 | D        | Found a sacrificial altar of Ru.
    45 | D        | Found a stormy altar of Qazlal.
    45 | D        | Found an iron altar of Okawaru.
    45 | D        | Found a sparkling altar of Nemelex Xobeh.
    45 | D        | Found a burning altar of Makhleb.
    45 | D        | Found a blossoming altar of Fedhas.
    45 | D        | Found a white marble altar of Elyvilon.
    45 | D        | Found a shadowy altar of Dithmenos.
    45 | D        | Found a snail-covered altar of Cheibriados.
    48 | D        | Found a corrupted altar of Lugonu.
    48 | D        | Found a radiant altar of Vehumet.
    49 | D        | Found an ancient bone altar of Kikubaaqudgha.
    49 | D        | Found a hide-covered altar of Uskayaw.
    49 | D        | Found a broken altar of Ashenzari.
    52 | D        | Became a worshipper of Gozag Ym Sagoz the Greedy
    67 | D        | Reached XP level 2. HP: 14/16 MP: 3/3
    87 | D        | Noticed a glass eye
    98 | D        | Killed a glass eye
    99 | D        | Reached skill level 1 in Stealth
    99 | D        | Reached skill level 8 in Unarmed Combat
    99 | D        | Reached XP level 3. HP: 20/20 MP: 4/4
    99 | D        | Reached XP level 4. HP: 25/25 MP: 5/5
    99 | D        | Reached XP level 5. HP: 29/29 MP: 6/6
   236 | D        | Noticed an ogre
   250 | D        | Killed an ogre
   251 | D        | Reached skill level 5 in Dodging
   251 | D        | Reached skill level 9 in Unarmed Combat
   251 | D        | Reached XP level 6. HP: 33/34 MP: 7/7
   320 | D        | Noticed a flying skull
   338 | D        | Killed a flying skull
   339 | D        | Reached skill level 11 in Unarmed Combat
   339 | D        | Gained mutation: Your magical flight helps you evade
                  | attacks. (EV +4) [Tengu growth]
   339 | D        | Reached XP level 7. HP: 25/39 MP: 8/8
   352 | D        | Reached skill level 12 in Unarmed Combat
   681 | D        | Reached skill level 1 in Armour
   985 | D        | Noticed a deep elf pyromancer
   990 | D        | Killed a deep elf pyromancer
   991 | D        | Reached skill level 13 in Unarmed Combat
   991 | D        | Reached XP level 8. HP: 34/45 MP: 9/9
  1250 | D        | Reached skill level 14 in Unarmed Combat
  1448 | D        | Noticed a shadow
  1448 | D        | Noticed a water elemental
  1460 | D        | Killed a shadow
  1464 | D        | Killed a water elemental
  1465 | D        | Reached skill level 15 in Unarmed Combat
  1834 | D        | Noticed an ice devil
  1835 | D        | Noticed a black mamba
  1842 | D        | Killed an ice devil
  1843 | D        | Reached skill level 5 in Armour
  1843 | D        | Reached XP level 9. HP: 35/51 MP: 10/10
  1844 | D        | Killed a black mamba
  1845 | D        | Reached skill level 16 in Unarmed Combat
  2285 | D        | Bought 2 fizzy sapphire potions for 50 gold pieces
  2285 | D        | Bought a brass wand for 112 gold pieces
  2285 | D        | Bought a sharpened bronze wand for 112 gold pieces
  2303 | D        | Killed a ghost moth
  2304 | D        | Reached skill level 17 in Unarmed Combat
  2309 | D        | Reached skill level 18 in Unarmed Combat
  2309 | D        | Reached XP level 10. HP: 29/58 MP: 1/11
  2645 | D        | Noticed a merfolk aquamancer
  2658 | D        | Slain by a merfolk aquamancer

Illustrated notes

Levels and vault maps discovered:
D:        pitsprint [storerooms_1, entrance_room_1, metal_vault_2, armoury_1,
          mini_pit_1, grid_room_1, main_hall_1, silver_pit, the_coven_3,
          the_vestibule_1, steel_vault_4, golden_pit, hallway_of_sentries,
          crystal_vault_1, iron_vault_2, final_vault]

Skill      XL: |  1  2  3  4  5  6  7  8  9 |
---------------+----------------------------+-----
Unarmed Combat | 4 8 9 11 13 15 18 | 18.3
Shapeshifting  | 4 7 8 9 |  9.3
Dodging        | 4 5 6 7 |  7.4
Stealth        | 1 3 4 |  4.0
Fighting       | 2 3 4 |  4.6
Armour         | 2 5 8 |  8.8

Action                     |  1- 3 |  4- 6 |  7- 9 | 10-12 || total
---------------------------+-------+-------+-------+-------++-------
  Melee: Unarmed           |    21 |    23 |    57 |    12 ||   113
         Kick              |     9 |     3 |    14 |     3 ||    29
         Peck              |     5 |     2 |    15 |     2 ||    24
         Punch             |     1 |       |     1 |     1 ||     3
 Invoke: Call Merchant     |       |       |     1 |       ||     1
    Use: Potion            |       |     1 |     3 |     1 ||     5
   Stab: Sleeping          |     1 |     1 |       |       ||     2
         Distracted        |       |       |     1 |       ||     1
 Armour: Animal skin       |     6 |     2 |       |       ||     8
         Chain mail        |       |     8 |    46 |     7 ||    61
  Dodge: Dodged            |    13 |    11 |    20 |     6 ||    50

Table legend: (Time is in decaauts)
 A = Elapsed time spent in this place.
 B = Non-inter-level travel time spent in this place.
 C = Inter-level travel time spent in this place.
 D = Time resting spent in this place.
 E = Time spent auto-exploring this place.
 F = Levels seen in this place.
 G = Mean time per level.
                   A        B        C        D        E       F      G
               +--------+--------+--------+--------+--------+-----+--------+
         Total |   2657 |   2594 |     63 |   2181 |      0 |   1 | 2657.0 |
       Dungeon |   2657 |   2594 |     63 |   2181 |      0 |   1 | 2657.0 |
               +--------+--------+--------+--------+--------+-----+--------+

Top non-repeatable levels by time:
       D: 2657 daAuts
